 Dungeon Crawl Stone Soup version 0.18-a0-1514-g6ed9364 (webtiles) character file.

2975 Gorice the Carver (level 9, 0/61 HPs)
             Began as a Demonspawn Gladiator on Mar 6, 2016.
             Was a Believer of Okawaru.
             Slain by an orc warrior
             ... wielding a +0 glaive
              (2 damage)
             ... on level 8 of the Dungeon.
             The game lasted 00:33:32 (8591 turns).

Gorice the Carver (Demonspawn Gladiator)            Turns: 8591, Time: 00:33:33

Health: 0/61       AC: 21    Str: 18    XL:     9   Next: 53%
Magic:  18/18      EV:  6    Int:  9    God:    Okawaru [**....]
Gold:   318        SH:  0    Dex: 15    Spells: 0 memorised, 8 levels left

rFire  + . .     SeeInvis .     a - +0 scimitar
rCold  . . .     Gourm    .     J - +1 plate armour
rNeg   . . .     Faith    .     (no shield)
rPois  .         Spirit   .     c - +0 helmet
rElec  .         Dismiss  .     r - +0 cloak
rCorr  .         Reflect  .     G - +2 pair of gloves
SustAt +         Harm     .     i - +0 pair of boots
MR     .....                    o - amulet of magic regeneration
Stlth  ..........               E - ring of magical power
                                d - ring of sustain attributes

@: not resistant to hostile enchantments, extremely unstealthy
A: icy blue scales 1, demonic guardian 2, fire resistance 1
a: Heroism, Renounce Religion


You were on level 8 of the Dungeon.
You worshipped Okawaru.
Okawaru was pleased with you.
You were not hungry.

You visited 2 branches of the dungeon, and saw 9 of its levels.
You also visited: Sewer.

You collected 318 gold pieces.

Inventory:

Hand Weapons
 a - a +0 scimitar (weapon)
 b - a +0 greatsling
 B - a +0 blowgun
Missiles
 p - 13 poisoned needles
 y - 51 sling bullets
 A - 6 tomahawks (quivered)
 X - 5 tomahawks of dispersal
 Y - a throwing net
 Z - 125 stones
Armour
 c - a +0 helmet (worn)
 i - a +0 pair of boots (worn)
 r - a +0 cloak (worn)
 v - a +0 ring mail of magic resistance
   (You took it off an orc on level 3 of the Dungeon)
 G - a +2 pair of gloves (worn)
 J - a +1 plate armour (worn)
Magical Staves
 w - an uncursed staff of earth
Jewellery
 d - a ring of sustain attributes (left hand)
 o - an amulet of magic regeneration (around neck)
 E - a ring of magical power (right hand)
Wands
 s - a wand of slowing (32/48)
 C - a wand of polymorph (7/24)
 K - a wand of disintegration (12/24)
 V - a wand of teleportation (6/9) {!d}
Scrolls
 j - 5 scrolls of blinking
 k - 4 scrolls of teleportation {!r}
 t - 5 scrolls of remove curse
 z - a scroll of amnesia
 F - a scroll of fog
 I - a scroll of noise {!r}
 P - a scroll of identify
 T - a scroll of holy word {!r!r}
Potions
 e - a potion of resistance {!q}
 g - 2 potions of agility {!q}
 h - a potion of invisibility {!q}
 l - a potion of berserk rage
 m - 3 potions of heal wounds {!q}
 n - 2 potions of might {!q}
 u - 3 potions of curing
 x - 2 potions of magic {!q}
 D - a potion of ambrosia {!q}
 O - 2 potions of haste {!q}
 S - a potion of lignification {!q}
Books
 L - a book of Conjurations
 R - a Fen Folio
 U - an Akashic Record
Miscellaneous
 H - a disc of storms
Comestibles
 f - 8 bread rations {!e}
 q - 3 meat rations {!e}
 M - 9 slices of pizza
 N - 4 fruits
 Q - 2 beef jerkies


   Skills:
 - Level 2.0 Fighting
 + Level 11.2 Long Blades
 - Level 1.7 Throwing
 + Level 5.0 Armour
 - Level 2.6 Dodging


You had 8 spell levels left.
You didn't know any spells.

Dungeon Overview and Level Annotations

Branches:
Dungeon (8/15)             Temple (1/1) D:5
   Lair: D:8-11

Altars:
Ashenzari
Cheibriados
Dithmenos
Fedhas
Gozag
Kikubaaqudgha
Makhleb
Nemelex Xobeh
Okawaru
Pakellas
Qazlal
Ru
Sif Muna
Trog
Vehumet
Xom
Yredelemnul

Annotations:
D:7 1 runed door


Innate Abilities, Weirdness & Mutations

You are partially covered in icy blue scales (AC +1).
A demonic guardian rushes to your aid.
Your flesh is heat resistant.


Message History

You punch the orc warrior, but do no damage.
The orc warrior is moderately wounded.
The orc closely misses you.
You hit the orc warrior.
The orc warrior is heavily wounded.
You feel like a meek peon again. The orc hits you but does no damage.
The orc warrior hits you with a glaive!
Damage: 10 (max 10)
You closely miss the orc warrior.
The orc warrior is heavily wounded.
The orc hits you but does no damage. x2
You closely miss the orc warrior.
The orc warrior is heavily wounded.
The orc warrior hits you with a glaive!!
The orc barely misses you.
Damage: 18 (max 18)
You barely miss the orc warrior.
The orc warrior is heavily wounded.
The orc hits you but does no damage.
The orc warrior hits you but does no damage.
You slash the orc warrior!
The orc warrior is severely wounded.
The orc hits you but does no damage. x2
Your plate armour prevents you from hitting the orc warrior.
The orc warrior is severely wounded.
The orc warrior hits you but does no damage.
The orc hits you but does no damage. x2
You closely miss the orc warrior.
The orc warrior is severely wounded.
You barely miss the orc warrior.
The orc warrior is severely wounded.
The orc warrior hits you with a glaive!
* * * LOW HITPOINT WARNING * * *
The orc hits you but does no damage. The orc barely misses you.
Damage: 15 (max 18)
Your plate armour prevents you from hitting the orc warrior.
The orc warrior is severely wounded.
The orc hits you but does no damage. x2
The orc warrior hits you with a glaive!
* * * LOW HITPOINT WARNING * * *
Damage: 9 (max 18)
You hit the orc warrior but do no damage.
The orc warrior is severely wounded.
The orc barely misses you. The orc closely misses you.
The orc warrior closely misses you. The orc barely misses you.
The orc warrior hits you with a glaive!
* * * LOW HITPOINT WARNING * * *
Damage: 6 (max 18)
The orc warrior hits you from afar with a glaive.
You die...

.........#
.........## ..
..........# ...
#.........######..
#.........##....
##.........####
##..##..........
##..###......##
#####..##
#...##@## # #
..##..##
##...#...##.#.#
.....##
#......ooo..[.#
......#
#.#.##...#....#
......#
#.#.###.##....##
..##### #.#.#
#...o....# .#####
#.#.............
.......
#####.........
####### ..........


You could see an orc warrior and 2 orcs.

Vanquished Creatures
  A hog (D:7)
  A necrophage (D:7)
  An orc warrior (D:6)
  An ogre (D:6)
  A big kobold (D:7)
  4 giant frogs
  3 killer bees (D:8)
  A crimson imp (D:6)
  A centaur zombie (D:7)
  3 hounds
  A jelly (D:7)
  3 orc priests
  4 orc wizards
  A giant frog skeleton (D:5)
  2 iguanas
  9 worker ants
  Natasha (thrice) (D:4)
  A sheep (D:7)
  The ghost of Amnesiac the Firebug, a weakling DEFE (D:4)
  6 gnolls (D:6)
  A howler monkey skeleton (D:4)
  13 adders
  6 oozes
  An adder zombie (D:8)
  A worm (D:4)
  2 dart slugs (D:1)
  12 giant geckos
  29 orcs
  7 bats
  17 giant cockroaches
  2 gnoll zombies (D:4)
  17 hobgoblins
  4 jackals (D:4)
  5 quokkas
  10 ball pythons
  11 giant newts
  10 goblins
  A jackal skeleton (D:6)
  16 kobolds
  6 rats
  A butterfly (D:6)
220 creatures vanquished.

Vanquished Creatures (collateral kills)
  Pikel (D:4)
  A yak (D:7)
  A human (D:7)
  2 sky beasts
  3 slaves (D:4)
  An ogre (D:5)
  A centaur (D:7)
  A scorpion (D:6)
  A killer bee (D:7)
  4 howler monkeys (D:7)
  2 orc priests
  An orc wizard (D:4)
  3 worker ants (D:7)
  A sheep (D:7)
  2 giant cockroaches (D:7)
  A goblin (D:3)
  A hobgoblin (D:3)
  A quokka (D:4)
28 creatures vanquished.

Vanquished Creatures (others)
  A human (D:4)
  An orc wizard (D:4)
  A giant gecko (D:3)
  2 orcs (D:4)
  A jackal skeleton (D:4)
6 creatures vanquished.

Grand Total: 254 creatures vanquished

Notes
Turn   | Place    | Note
--------------------------------------------------------------
     0 | D:1      | Gorice the Demonspawn Gladiator began the quest for the Orb.
     0 | D:1      | Reached XP level 1. HP: 16/16 MP: 1/1
    70 | D:1      | Reached skill level 3 in Long Blades
   132 | D:1      | Gained mutation: A weak demonic guardian rushes to your aid. [demonic ancestry]
   132 | D:1      | Reached XP level 2. HP: 22/22 MP: 2/2
   946 | D:2      | Reached XP level 3. HP: 20/27 MP: 3/3
  1555 | D:3      | Reached skill level 4 in Long Blades
  1594 | D:3      | Found an ancient bone altar of Kikubaaqudgha.
  1600 | D:3      | Found a blossoming altar of Fedhas.
  1896 | D:3      | HP: 7/27 [something (2)]
  1901 | D:3      | HP: 4/27 [something (2)]
  1902 | D:3      | Gained mutation: A demonic guardian rushes to your aid. [demonic ancestry]
  1902 | D:3      | Reached XP level 4. HP: 4/33 MP: 4/4
  1906 | D:3      | HP: 3/33 [something (2)]
  2438 | D:3      | Reached skill level 5 in Long Blades
  2822 | D:4      | Reached XP level 5. HP: 27/38 MP: 5/5
  2872 | D:4      | Noticed a sky beast
  2878 | D:4      | Killed a sky beast
  2900 | D:4      | Noticed Amnesiac's ghost (weakling DEFE)
  2914 | D:4      | Killed Amnesiac's ghost
  2918 | D:4      | Noticed Pikel
  2919 | D:4      | Noticed a slave
  2919 | D:4      | Noticed a slave
  2919 | D:4      | Noticed a slave
  2919 | D:4      | Noticed a slave
  2922 | D:4      | Killed a slave
  2924 | D:4      | Killed a slave
  2927 | D:4      | Killed a slave
  2927 | D:4      | Killed Pikel
  2927 | D:4      | Reached skill level 7 in Long Blades
  2927 | D:4      | Gained mutation: Your flesh is heat resistant. [demonic ancestry]
  2927 | D:4      | Reached XP level 6. HP: 32/44 MP: 6/6
  3053 | D:4      | Gained mutation: You are partially covered in icy blue scales (AC +1). [demonic ancestry]
  3053 | D:4      | Reached XP level 7. HP: 39/50 MP: 7/7
  3090 | D:4      | Found an oddly glowing altar of Pakellas.
  3094 | D:4      | Found a shattered altar of Ashenzari.
  3152 | D:4      | Noticed Natasha
  3155 | D:4      | Killed Natasha
  3221 | D:4      | Found an ancient bone altar of Kikubaaqudgha.
  3221 | D:4      | Noticed a human
  3226 | D:4      | Killed a human
  3273 | D:4      | HP: 9/50 [orc priest/divine providence (10)]
  3281 | D:4      | HP: 10/50 [orc/whip (1)]
  3285 | D:4      | HP: 4/50 [orc/whip (5)]
  3729 | D:4      | Reached skill level 8 in Long Blades
  3859 | D:4      | Found a basalt altar of Yredelemnul.
  3976 | D:4      | Noticed Natasha
  3981 | D:4      | Killed Natasha
  4023 | D:4      | Noticed Natasha
  4072 | D:4      | Killed Natasha
  4258 | D:5      | Entered Level 5 of the Dungeon
  4440 | D:5      | Found a staircase to the Ecumenical Temple.
  4463 | Temple   | Entered the Ecumenical Temple
  4482 | Temple   | Became a worshipper of Warmaster Okawaru
  4847 | D:5      | Found a glowing drain.
  4856 | Sewer    | Entered a sewer
  5313 | Sewer    | Reached skill level 9 in Long Blades
  5313 | Sewer    | Reached XP level 8. HP: 56/56 MP: 8/8
  5616 | D:5      | Found a burning altar of Makhleb.
  6031 | D:6      | Reached * piety under Okawaru
  6081 | D:6      | Found a sparkling altar of Nemelex Xobeh.
  6194 | D:6      | Found a shimmering altar of Xom.
  6229 | D:6      | HP: 15/56 [ogre/giant club (17)]
  6234 | D:6      | Reached skill level 10 in Long Blades
  6255 | D:6      | Reached skill level 1 in Armour
  6438 | D:6      | Found a radiant altar of Vehumet.
  6932 | D:6      | Reached skill level 2 in Armour
  7225 | D:7      | Found an opulent altar of Gozag.
  7364 | D:7      | Found a runed door.
  7367 | D:7      | Found a runed door.
  7395 | D:7      | Reached XP level 9. HP: 45/61 MP: 9/9
  7401 | D:7      | Reached skill level 3 in Armour
  7637 | D:7      | Reached ** piety under Okawaru
  7645 | D:7      | Reached skill level 4 in Armour
  7652 | D:7      | Reached skill level 11 in Long Blades
  8221 | D:8      | Reached skill level 5 in Armour
  8226 | D:8      | HP: 17/61 [poisoned by a killer bee]
  8231 | D:8      | HP: 12/61 [poisoned by a killer bee]
  8236 | D:8      | HP: 9/61 [poisoned by a killer bee]
  8242 | D:8      | HP: 6/61 [poisoned by a killer bee]
  8247 | D:8      | HP: 5/61 [poisoned by a killer bee]
  8254 | D:8      | HP: 4/61 [poisoned by a killer bee]
  8262 | D:8      | HP: 4/61 [poisoned by a killer bee]
  8556 | D:8      | Found a deep blue altar of Sif Muna.
  8586 | D:8      | HP: 17/61 [orc warrior/glaive (15)]
  8587 | D:8      | HP: 8/61 [orc warrior/glaive (9)]
  8590 | D:8      | HP: 2/61 [orc warrior/glaive (7)]
  8591 | D:8      | Slain by an orc warrior

Vault maps used:
D:1:      saegor_arrival_simple_b, minmay_distorted
D:3:      grunt_temple_overflow_growth_and_decay
D:4:      lemuel_zombie_altar_yredelemnul, nicolae_overflow_hidden_temple,
          first_bread, tgw_kikubaaqudgha, uniq_natasha, uniq_pikel
D:5:      makhleb_heckhound_becter, minmay_temple_entry_overgrown,
          portal_sewer_entry_f
D:6:      corexii_shantytown, fiery_altar_vehumet, xom_butterflies,
          old_standard_altar
D:7:      lemuel_insect_pit, grunt_livestock,
          nicolae_gozag_cash_rules_everything_around_me
D:8:      good_gods_temple_1, nicolae_overflow_crystal_walls, minmay_holes,
          uniq_erica, uniq_erolcha
Temple:   temple_island_7
Sewer:    sewer_frog_island_02

Skill      XL: |  1  2  3  4  5  6  7  8  9 |
---------------+----------------------------+-----
Long Blades    | 3 4 5 7 9 10 11 | 11.2
Armour         | 2 5 |  5.0
Fighting       | |  2.0
Throwing       | |  1.7
Dodging        | |  2.6

Action                   |  1- 3 |  4- 6 |  7- 9 || total
-------------------------+-------+-------+-------++-------
Melee: Long sword        |   124 |   122 |   439 ||   685
       Scimitar          |       |       |   274 ||   274
Throw: Throwing net      |       |     3 |     2 ||     5
       Tomahawk          |       |       |     8 ||     8
Invok: Heroism           |       |       |     2 ||     2
  Use: Scroll            |     6 |     4 |    16 ||    26
       Potion            |       |     1 |     1 ||     2
 Stab: Held in net/web   |       |       |     2 ||     2
  Eat: Chunk             |     3 |     4 |    19 ||    26

Table legend:
 A = Turns spent in this place as a percentage of turns spent in the entire game.
 B = Non-inter-level travel turns spent in this place as a percentage of non-inter-level travel turns spent in the entire game.
 C = Inter-level travel turns spent in this place as a percentage of turns spent in this place.
 D = Turns resting spent in this place as a percentage of non-inter-level travel turns spent in this place.
 E = Turns spent auto-exploring this place as a percentage of non-inter-level travel turns spent in this place.
 F = Non-inter-level travel turns spent in this place divided by the number of levels of this place that you've seen.
                   A       B       C       D       E      F
               +-------+-------+-------+-------+-------+----------------------
         Total | 100.0 | 100.0 |   0.3 |   0.5 |   5.5 | 354.1
       Dungeon |  78.2 |  78.2 |   0.3 |   0.5 |   6.5 | 346.0
        Temple |   1.0 |   1.0 |   0.0 |   0.0 |   0.0 |  35.0
         Sewer |  20.8 |  20.8 |   0.0 |   0.5 |   2.0 | 738.0
               +-------+-------+-------+-------+-------+----------------------

Vault maps used:
D:1:      saegor_arrival_simple_b, minmay_distorted
D:3:      grunt_temple_overflow_growth_and_decay
D:4:      lemuel_zombie_altar_yredelemnul, nicolae_overflow_hidden_temple,
          first_bread, tgw_kikubaaqudgha, uniq_natasha, uniq_pikel
D:5:      makhleb_heckhound_becter, minmay_temple_entry_overgrown,
          portal_sewer_entry_f
D:6:      corexii_shantytown, fiery_altar_vehumet, xom_butterflies,
          old_standard_altar
D:7:      lemuel_insect_pit, grunt_livestock,
          nicolae_gozag_cash_rules_everything_around_me
D:8:      good_gods_temple_1, nicolae_overflow_crystal_walls, minmay_holes,
          uniq_erica, uniq_erolcha
Temple:   temple_island_7
Sewer:    sewer_frog_island_02
